AoeStats
← Scol1ng

Arena

507986290Analyzed
4v4 RM · 12d ago on Sep 20, 2026· 36m 56s· 8 players
Game mode
Random Map
Map size
Large (8 player)
Population
200
Speed
Normal
Resources
Standard
Victory
Conquest
Starting age
Dark Age
Ending age
Imperial Age
RankedLock teamsTeams togetherTeam positionsShared explorationLock speedFull tech treeHidden civsTurbo modeCheats
Victory
Defeat
🇩🇪 Poles · Germany
1698
+10
🇩🇪 Cumans · Germany
1568
+15
🇩🇪 Chinese · Germany
1552
+15
🇩🇪 Wei · Germany
1451
+19
🇦🇷 Bulgarians · Argentina
1567
-16
🇬🇧 Koreans · United Kingdom
1557
-15
🇮🇳 Turks · India
1521
-14
🇵🇪 Franks · Peru
1520
-14
Öl1ng
8:29 Feudal Age
6:47 Loom
9:51 Double-Bit Axe
12:48 Horse Collar
16:24 Wheelbarrow
15:34 Town Watch
22:49 Castle Age
21:23 Gold Mining
23:31 Heavy Plow
23:43 Bow Saw
24:58 Bloodlines
27:53 Imperial Age
25:51 Bloodlines
26:24 Gold Shaft Mining
27:23 Scale Barding Armor
28:30 Chain Barding Armor
28:05 Elite Steppe Lancer
31:11 Two-Man Saw
30:47 Plate Barding Armor
31:19 Forging
33:18 Iron Casting
35:31 Blast Furnace
35:10 Crop Rotation
Scol1ng
0:26 Loom
11:16 Feudal Age
14:49 Castle Age
13:01 Double-Bit Axe
14:00 Horse Collar
15:44 Bow Saw
17:49 Wheelbarrow
22:33 Gold Mining
26:06 Imperial Age
24:44 Gold Shaft Mining
24:16 Heavy Plow
24:31 Masonry
24:17 Fletching
25:08 Bodkin Arrow
25:13 Padded Archer Armor
25:38 Town Watch
26:09 Hand Cart
25:48 Stone Mining
27:18 Conscription
27:20 Bracer
28:05 Ballistics
29:08 Two-Man Saw
28:47 Leather Archer Armor
29:43 Chemistry
29:19 Stone Shaft Mining
30:15 Ring Archer Armor
32:18 Architecture
31:39 Guard Tower
32:04 Thumb Ring
33:25 Elite Chu Ko Nu
34:41 Town Patrol
35:35 Great Wall
35:42 Sappers
105er.James Newstedd
10:57 Feudal Age
15:04 Castle Age
13:16 Double-Bit Axe
13:17 Horse Collar
16:15 Bow Saw
16:08 Heavy Plow
16:23 Heavy Plow
17:18 Gold Mining
20:06 Wheelbarrow
21:40 Stone Mining
22:29 Gold Shaft Mining
22:26 Hand Cart
24:30 Stone Shaft Mining
24:48 Scale Barding Armor
24:54 Forging
25:31 Bloodlines
25:21 Husbandry
25:18 Town Watch
25:19 Loom
30:38 Imperial Age
28:42 Chain Barding Armor
29:16 Iron Casting
31:52 Ming Guang Armor
32:30 Blast Furnace
31:08 Heavy Hei Guang Cavalry
33:47 Conscription
33:28 Tuntian
33:33 Town Patrol
33:25 Fletching
Scol1ng
11:11 Feudal Age
14:58 Castle Age
12:41 Horse Collar
13:07 Double-Bit Axe
15:49 Heavy Plow
17:03 Bow Saw
18:32 Wheelbarrow
19:38 Gold Mining
20:49 Stone Mining
22:02 Loom
25:34 Imperial Age
23:02 Fletching
24:48 Bodkin Arrow
24:52 Town Watch
25:59 Stone Shaft Mining
26:05 Scale Mail Armor
26:07 Squires
27:21 Chemistry
28:45 Hand Cart
29:37 Conscription
29:35 Chain Mail Armor
29:33 Forging
29:42 Treadmill Crane
29:39 Elite Obuch
31:39 Plate Mail Armor
33:44 Iron Casting
34:06 Scale Barding Armor
35:51 Blast Furnace
35:10 Bracer
35:48 Arson
36:21 Masonry
36:54 Light Cavalry
37:45 Bloodlines
37:56 Chain Barding Armor
paradox303
11:25 Feudal Age
15:01 Castle Age
13:02 Double-Bit Axe
13:21 Horse Collar
15:58 Bow Saw
23:05 Wheelbarrow
24:33 Hand Cart
25:08 Stone Mining
25:08 Gold Mining
29:40 Imperial Age
27:27 Scale Mail Armor
27:37 Forging
27:16 Loom
27:17 Town Watch
28:46 Gold Shaft Mining
28:50 Stone Shaft Mining
28:55 Ballistics
28:45 Masonry
29:12 Fletching
29:24 Squires
29:09 Arson
30:41 Chain Mail Armor
31:03 Bodkin Arrow
31:39 Plate Mail Armor
32:11 Chemistry
31:42 Architecture
32:56 Bracer
33:33 Iron Casting
33:33 Conscription
33:16 Eupseong
34:02 Elite Fire Lancer
34:41 Arrowslits
34:37 Treadmill Crane
34:40 Capped Ram
Theoden_King
11:19 Feudal Age
15:43 Castle Age
13:46 Double-Bit Axe
13:44 Horse Collar
16:08 Loom
21:19 Wheelbarrow
32:28 Imperial Age
30:20 Hand Cart
30:14 Padded Archer Armor
30:21 Scale Barding Armor
30:27 Forging
32:15 Heavy Plow
32:27 Bow Saw
32:10 Gold Mining
33:28 Bloodlines
33:52 Leather Archer Armor
33:58 Chain Barding Armor
34:14 Iron Casting
34:54 Gold Shaft Mining
3Dominik
10:45 Feudal Age
14:46 Castle Age
14:42 Double-Bit Axe
20:52 Bow Saw
23:46 Wheelbarrow
23:12 Loom
26:16 Town Watch
29:23 Imperial Age
27:41 Masonry
27:57 Scale Barding Armor
28:03 Forging
27:43 Fletching
28:04 Husbandry
28:17 Gold Mining
28:17 Stone Mining
29:15 Chain Barding Armor
29:38 Ballistics
32:23 Chemistry
31:53 Architecture
32:08 Cavalier
34:15 Iron Casting
35:29 Plate Barding Armor
36:55 Blast Furnace
knight_0701
9:01 Loom
11:07 Feudal Age
15:46 Castle Age
17:40 Fletching
22:27 Horse Collar
24:38 Double-Bit Axe
25:26 Heavy Plow
28:35 Wheelbarrow
32:15 Imperial Age
30:38 Stirrups
30:55 Scale Barding Armor
31:02 Forging
31:38 Chain Barding Armor
31:38 Husbandry
31:49 Bloodlines
31:52 Light Cavalry
34:09 Plate Barding Armor
33:01 Hussar
34:29 Conscription
Connection lost

Rejoining the realm…

Still unreachable

The connection could not be restored.

Session expired

The server has moved on; the page needs a fresh start.